 Dungeon Crawl Stone Soup version 0.15.2 (webtiles) character file.

28 the1qrp the Stinger (level 2, -1/20 HPs)
             Began as a Draconian Venom Mage on May 5, 2015.
             Was an Initiate of Nemelex Xobeh.
             Killed by nerve-wracking pain
             ... invoked by Jessica
              (6 damage)
             ... on Level 2 of the Dungeon.
             The game lasted 00:16:41 (1200 turns).

the1qrp the Stinger (Draconian Venom Mage)          Turns: 1200, Time: 00:16:41

HP  -1/20        AC  4     Str 10      XL: 2   Next: 96%
MP   0/4         EV 12     Int 15      God: Nemelex Xobeh [......]
Gold 58          SH  0     Dex 11      Spells:  2 memorised,  2 levels left

rFire  . . .     SeeInvis .     i - plain deck of war {drawn: 3}
rCold  . . .     Clarity  .     (armour unavailable)
rNeg   . . .     rCorr    +     (no shield)
rPois  .         rRot     .     (helmet restricted)
rElec  .         Spirit   .     (no cloak)
SustAb .         Warding  .     (no gloves)
rMut   .         Stasis   .     (no boots)
Gourm  .                        l - amulet of resist corrosion
MR     .....                    (no ring)
                                (no ring)

@: not resistant to hostile enchantments, unstealthy
A: unfitting armour, cold-blooded, AC +4
a: Renounce Religion


You were on level 2 of the Dungeon.
You worshipped Nemelex Xobeh.
Nemelex Xobeh was noncommittal.
You were not hungry.

You visited 1 branch of the dungeon, and saw 2 of its levels.

You collected 58 gold pieces.

Inventory:

Hand weapons
 e - a +0 club
 f - a +0 whip
 g - a -3 spear
Missiles
 h - 9 poisoned needles (quivered)
Comestibles
 a - a beef jerky
 c - a bread ration
Jewellery
 l - an amulet of resist corrosion (around neck)
Books
 b - a Young Poisoner's Handbook

   Spells                             Type                      Level
   *Sting                             Conjuration/Poison           1
   *Cure Poison                       Poison                       2
   Mephitic Cloud                     Conjuration/Poison/Air       3
   Olgreb's Toxic Radiance            Poison                       4
   Venom Bolt                         Conjuration/Poison           5
Miscellaneous
 d - a plain deck of war
 i - a plain deck of war {drawn: 3} (in hand)


   Skills:
 + Level 2.3 Dodging
 + Level 1.8 Stealth
 + Level 2.0 Spellcasting
 + Level 0.4 Conjurations
 + Level 4.4 Poison Magic


You had 2 spell levels left.
You knew the following spells:

 Your Spells              Type           Power        Failure   Level  Hunger
a - Sting                 Conj/Pois      #...         12%         1    #......
b - Cure Poison           Pois           ##........   8%          2    ###....


Dungeon Overview and Level Annotations

Branches:
Dungeon (2/15)

Altars:
Nemelex Xobeh

Annotations:
D:2 Jessica


Innate Abilities, Weirdness & Mutations

Your plain brown scales are hard (AC +4).
Your body does not fit into most forms of armour.
Your cold-blooded metabolism reacts poorly to cold.


Message History

The worm looks more healthy.
Jessica points at you and mumbles some strange words.
Pain shoots through your body! The worm bites you!
* * * LOW HITPOINT WARNING * * *
Unknown command.
You feel better. Jessica gestures at you while chanting.
Pain shoots through your body!
Casting: Sting
Confirm with . or Enter, or press ? or * to list all spells.
Aiming: Sting
Press: ? - help, Shift-Dir - straight line, f/p - worm
Aim: a worm (moderately wounded)
The sting misses the worm.
The worm barely misses you. Jessica hits you with a dagger.
* * * LOW HITPOINT WARNING * * *
Jessica gestures at you while chanting. Pain shoots through your body!
You die...
Your body disappears without a glow.

....# #.......# # #...#
#####.#.# #. #...#
#.#.# >. #...### #.#.#
##.#.(... #.#.#
∆#....(.###########.#.#
#.w@............#.#
#....############.#
#.##@# #.# ... #.# #.#
#.## #.# #.## #< #.#
#.%# # #.# ##(# #.#
#.(# #.# #.## #.# #.#
#.# #.#


You could see a worm and Jessica.

Vanquished Creatures
  2 giant geckos (D:1)
  5 bats (D:1)
  A giant cockroach (D:2)
  4 hobgoblins (D:1)
  2 jackals (D:1)
  A giant newt (D:1)
  3 goblins (D:1)
  2 kobolds
  5 rats (D:1)
25 creatures vanquished.

Notes
Turn   | Place    | Note
--------------------------------------------------------------
     0 | D:1      | the1qrp, the Draconian Venom Mage, began the quest for the Orb.
     0 | D:1      | Reached XP level 1. HP: 14/14 MP: 3/3
   544 | D:1      | Found a sparkling altar of Nemelex Xobeh.
   566 | D:1      | Reached XP level 2. HP: 14/20 MP: 2/4
   570 | D:1      | Became a worshipper of Nemelex Xobeh the Trickster
   640 | D:1      | Learned a level 2 spell: Cure Poison
   655 | D:1      | Received a gift from Nemelex Xobeh
  1185 | D:2      | Noticed Jessica
  1200 | D:2      | Killed from afar by Jessica

Action                   || total
-------------------------++-------
Melee: Spear             ||    29
       Club              ||    11
       Unarmed           ||     5
       Whip              ||     9
 Cast: Sting             ||    38
Evoke: Deck              ||     3
  Use: Scroll            ||     5
       Potion            ||     2
  Eat: Bread ration      ||     1
